 Dungeon Crawl Stone Soup version 0.24-a0-251-g44e327ef01 (webtiles) character file.

Game seed: 664525761757875769

2693 Redear the Ducker (level 9, -4/63 HPs)
             Began as an Octopode Fighter on Apr 16, 2019.
             Was a Believer of Zin.
             Slain by a yak (17 damage)
             ... on level 6 of the Dungeon.
             The game lasted 00:09:41 (5496 turns).

Redear the Ducker (Octopode Fighter)                Turns: 5496, Time: 00:09:41

Health: -4/63      AC:  1    Str: 15      XL:     9   Next: 65%
Magic:  10/10      EV: 15    Int:  9 (11) God:    Zin [**....]
Gold:   242        SH:  0    Dex: 14      Spells: 8/8 levels left

rFire    . . .     SeeInvis .   w - +5 long sword
rCold    . . .     Gourm    .   b - +0 shield
rNeg     . . .     Faith    .   (helmet restricted)
rPois    .         Spirit   .   (no amulet)
rElec    .         Reflect  .   x - ring of stealth {Stlth+}
rCorr    +         Harm     .   g - ring of resist corrosion
MR       .....                  (no ring)
Stlth    +++.......             (no ring)
HPRegen  0.20/turn              (no ring)
MPRegen  0.12/turn              (no ring)
                                (no ring)
                                (no ring)

@: confused
A: almost no armour, stealthy swim, amphibious, 8 rings, constrict 8, camouflage
1, gelatinous body 1
a: Recite, Vitalisation, Donate Gold, Renounce Religion


You were on level 6 of the Dungeon.
You worshipped Zin.
Zin was pleased with you.
You were near starving.

You visited 2 branches of the dungeon, and saw 7 of its levels.

You collected 268 gold pieces.
You donated 26 gold pieces to Zin.

Inventory:

Hand Weapons
 a - a +0 long sword
 m - a +1 short sword of venom
 r - a +1 short sword of electrocution
 w - a +5 long sword (weapon)
Missiles
 Z - a throwing net (quivered) {+f}
Armour
 b - a +0 shield (worn)
Magical Staves
 s - an uncursed staff of air {unknown}
Jewellery
 g - a ring of resist corrosion (right tentacle)
 n - an uncursed ring of fire {rF+ rC-}
 x - a ring of stealth (left tentacle) {Stlth+}
 y - a +1 ring of evasion {unknown}
Wands
 t - a wand of disintegration (13)
 A - a wand of acid (10)
Scrolls
 d - 2 scrolls of amnesia {unknown}
 f - 2 scrolls of random uselessness {unknown}
 h - 3 scrolls of enchant weapon {unknown}
 i - a scroll of blinking {unknown}
 j - 2 scrolls of teleportation {unknown}
 l - 2 scrolls of remove curse {unknown}
 o - 8 scrolls of identify {unknown}
 p - a scroll of fear {unknown}
 q - a scroll of magic mapping {unknown}
Potions
 c - a potion of might {Str+5 DMG+1d10 | @q3}
 k - a potion of agility {Stlth+ Dex+5 EV+5 | @q4}
Comestibles
 z - 10 rations


   Skills:
 + Level 6.5 Fighting
 + Level 6.1 Long Blades
 + Level 6.6 Dodging
 - Level 6.2 Stealth
 + Level 6.6 Shields
 + Level 2.5 Invocations


You had 8 spell levels left.
You didn't know any spells.
Your spell library was empty.

Dungeon Overview and Level Annotations

Branches:
Dungeon (6/15)             Temple (1/1) D:4

Altars:
Ashenzari
Cheibriados
Dithmenos
Fedhas
Gozag
Hepliaklqana
Kikubaaqudgha
Makhleb
Nemelex Xobeh
Okawaru
Qazlal
Ru
Uskayaw
Yredelemnul
Zin
The Shining One

Annotations:
D:3 3 runed translucent doors, Zero's ghost, amateur GrBe


Innate Abilities, Weirdness & Mutations

You cannot wear most types of armour.
You are very stealthy in the water. (Stealth+)
You are amphibious.
You can wear up to eight rings at the same time.
You can use your tentacles to constrict eight enemies at once.
Your skin changes colour to match your surroundings (Stealth+).
Your rubbery body absorbs attacks. (AC +1, EV +1)


Message History

Unknown command.
You hit the yak.
The yak is almost dead.
You block the yak's attack.
There is a stone staircase leading up, spattered with blood here.
Your shield prevents you from hitting the yak.
You squeeze the yak.
You kill the yak!
You feel your strength returning.
There is a stone staircase leading up, spattered with blood here.
You see here a yak corpse.
It was a potion of ambrosia.
You are confused.
You feel invigorated. The yak gores you!
* * * LOW HITPOINT WARNING * * *
You take 5 damage, and have 6/63 hp.
The yak misses you.
You regained 3 hp, and now have 9/63 hp.
The yak gores you!
You die...

#... #...###)#
#...####......#
###.............#
................#
................#
.......?...<.†..#
.....#....#####.#
...###...Z#####Y#####
.#..............@...#
...#..........>.###.#
...#............#
...#............#
#.##...##......##
...............#
###....##......#
.......##......#
...#....#......#


You could see a yak and a bullfrog skeleton (wandering).

Vanquished Creatures
  Grinder (D:5)
  Prince Ribbit (D:6)
  5 yaks (D:6)
  4 ogres
  3 phantoms
  A bullfrog (D:5)
  5 wights (D:5)
  A howler monkey (D:5)
  2 crimson imps
  A jelly (D:6)
  An orc priest (D:4)
  3 hounds
  A bullfrog skeleton (D:4)
  3 orc wizards
  A centaur skeleton (D:5)
  2 iguanas
  2 worker ants
  9 adders
  An ooze (D:6)
  An adder skeleton (D:4)
  A worm (D:5)
  4 dart slugs
  4 leopard geckos
  16 orcs
  5 giant cockroaches
  2 goblins
  8 hobgoblins
  11 jackals
  6 kobolds
  4 quokkas
  2 ball pythons (D:4)
  A ball python zombie (D:5)
  7 bats
  5 frilled lizards
  A leopard gecko skeleton (D:4)
  5 rats
130 creatures vanquished.

Notes
Turn   | Place    | Note
-------+----------+-------------------------------------------
     0 | D:1      | Redear the Octopode Fighter began the quest for the Orb.
     0 | D:1      | Reached XP level 1. HP: 16/16 MP: 1/1
   139 | D:1      | Reached XP level 2. HP: 21/21 MP: 2/2
   178 | D:1      | Reached skill level 1 in Stealth
   571 | D:2      | Reached XP level 3. HP: 23/26 MP: 3/3
   792 | D:2      | Reached XP level 4. HP: 31/31 MP: 4/4
   848 | D:2      | Reached skill level 2 in Stealth
  1389 | D:3      | Reached XP level 5. HP: 35/36 MP: 5/5
  1730 | D:3      | Found a stormy altar of Qazlal.
  1731 | D:3      | Found a sacrificial altar of Ru.
  1731 | D:3      | Found an opulent altar of Gozag.
  1806 | D:3      | Reached skill level 3 in Long Blades
  1806 | D:3      | Reached skill level 3 in Stealth
  2070 | D:3      | Found a runed translucent gate.
  2070 | D:3      | Found a runed translucent gate.
  2070 | D:3      | Found a runed translucent gate.
  2072 | D:3      | Noticed Zero's ghost (amateur GrBe)
  2200 | D:4      | Noticed an ogre
  2209 | D:4      | Killed an ogre
  2209 | D:4      | Reached skill level 4 in Fighting
  2209 | D:4      | Reached skill level 4 in Dodging
  2209 | D:4      | Reached skill level 4 in Shields
  2209 | D:4      | Reached XP level 6. HP: 43/43 MP: 6/6
  2289 | D:4      | HP: 2/43 [orc/+0 flail (6)]
  2702 | D:4      | Reached skill level 4 in Stealth
  2783 | D:4      | Found a staircase to the Ecumenical Temple.
  2810 | Temple   | Entered the Ecumenical Temple
  2903 | Temple   | Became a worshipper of Zin the Law-Giver
  2903 | Temple   | Reached * piety under Zin
  2931 | D:4      | Found a hide-covered altar of Uskayaw.
  2931 | D:4      | Found a burning altar of Makhleb.
  2960 | D:4      | Reached XP level 7. HP: 48/48 MP: 7/7
  3650 | D:5      | Entered Level 5 of the Dungeon
  3657 | D:5      | Noticed Grinder
  3660 | D:5      | Paralysed by Grinder for 3 turns
  3775 | D:5      | Reached skill level 4 in Long Blades
  3796 | D:4      | Reached skill level 5 in Stealth
  3880 | D:5      | Reached XP level 8. HP: 37/54 MP: 8/8
  4005 | D:5      | Reached skill level 5 in Dodging
  4005 | D:5      | Reached skill level 5 in Shields
  4108 | D:5      | Reached skill level 5 in Fighting
  4393 | D:5      | Reached ** piety under Zin
  4422 | D:5      | Killed Grinder
  4422 | D:5      | Reached skill level 6 in Stealth
  4669 | D:6      | Noticed Prince Ribbit
  4676 | D:5      | Reached skill level 5 in Long Blades
  4845 | D:6      | Killed Prince Ribbit
  4845 | D:6      | Reached skill level 6 in Dodging
  4845 | D:6      | Reached skill level 6 in Shields
  4845 | D:6      | Reached XP level 9. HP: 32/62 MP: 9/9
  4847 | D:6      | Reached skill level 6 in Fighting
  5060 | D:6      | Noticed a two-headed ogre
  5182 | D:6      | Reached skill level 1 in Invocations
  5443 | D:6      | Reached skill level 6 in Long Blades
  5443 | D:6      | Reached skill level 2 in Invocations
  5462 | D:6      | HP: 5/63 [yak (8)]
  5494 | D:6      | HP: 6/63 [yak (9)]
  5496 | D:6      | Slain by a yak

Levels and vault maps discovered:
D:1:      lightli_arrival_quake, layout_basic
D:2:      layout_basic, minmay_lizard_king
D:3:      layout_loops_corners, grunt_temple_overflow_open, first_ration,
          gammafunk_ghost_split
D:4:      layout_basic, gammafunk_temple_overflow_elements,
          minmay_temple_entry_crystal_x
D:5:      layout_cave_pools, uniq_grinder
D:6:      lemuel_insect_pit, layout_basic, uniq_prince_ribbit1
Temple:   eino_temple_scatter_basement

Skill      XL: |  1  2  3  4  5  6  7  8  9 |
---------------+----------------------------+-----
Stealth        | 1 2 3 4 5 6 |  6.2
Long Blades    | 3 4 5 6 |  6.1
Fighting       | 4 5 6 |  6.5
Dodging        | 4 6 |  6.6
Shields        | 4 6 |  6.6
Invocations    | 2 |  2.5

Action                   |  1- 3 |  4- 6 |  7- 9 || total
-------------------------+-------+-------+-------++-------
Melee: Long sword        |    38 |    66 |    84 ||   188
       Constrict         |    12 |    27 |    29 ||    68
       Tentacles         |    10 |    21 |    43 ||    74
       Short sword       |       |    46 |    75 ||   121
Evoke: Wand              |       |       |     1 ||     1
  Use: Potion            |       |     2 |     5 ||     7
 Stab: Sleeping          |     9 |    13 |     5 ||    27
       Distracted        |       |     1 |       ||     1
  Eat: Chunk             |       |     5 |     8 ||    13
Armor: Skin              |     2 |     6 |     3 ||    11
Dodge: Dodged            |    25 |    78 |    77 ||   180
Block: Shield            |       |       |    46 ||    46
       Rpst.: Long sword |     5 |    10 |    14 ||    29

Table legend:
 A = Non-vault XP
 B = Vault XP
 C = Vault XP percentage of total XP
 D = Non-vault monster count
 E = Vault monster count
 F = Vault count percentage of total count
                 A         B        C        D         E       F
            +---------+---------+-------+---------+---------+-------
      Total |    3267 |     581 |  15.1 |     123 |       7 |   5.4
            +---------+---------+-------+---------+---------+-------
        D:1 |      22 |       0 |   0.0 |      14 |       0 |   0.0
        D:2 |     110 |       7 |   6.0 |      18 |       5 |  21.7
        D:3 |     122 |       0 |   0.0 |      23 |       0 |   0.0
        D:4 |     759 |       0 |   0.0 |      26 |       0 |   0.0
        D:5 |     675 |     300 |  30.8 |      20 |       1 |   4.8
        D:6 |    1579 |     274 |  14.8 |      22 |       1 |   4.3
            +---------+---------+-------+---------+---------+-------
